 Dungeon Crawl Stone Soup version 0.31-a0-965-g8a8ce12e04 (webtiles) character file.

Game seed: 10451607894830930413

348 lunkers the Insei (level 7, -5/52 HPs)
             Began as a Meteoran Shapeshifter on Oct 26, 2023.
             Slain by a gnoll
             ... wielding a +0 whip
             ... led by a gnoll bouda
              (6 damage)
             ... on level 5 of the Dungeon.
             The game lasted 00:02:41 (1400 turns).

lunkers the Insei (Meteoran Shapeshifter)           Turns: 1400, Time: 00:02:42

Health: -5/52      AC:  8    Str: 16    XL:     7   Next: 15%
Magic:  8/8        EV: 13    Int: 11    God:
Gold:   136        SH:  0    Dex: 16    Spells: 6/6 levels left

rFire   . .          .
                       - Unarmed
rCold   . . .        (no shield)
rNeg    . . .        w - +0 chain mail
rPois   .            (helmet currently unavailable)
rElec   .            (cloak currently unavailable)
rCorr   .            (gloves currently unavailable)
SInv    .            (boots currently unavailable)
Will    .....        (no amulet) Stlth
                     q - +5 ring of evasion
HPRegen 0.28/turn    (no ring)
MPRegen 0.11/turn

%: no passive effects
@: beast-form, weakened, glowing
A: beast (slay +3), sense surroundings 1, otherworldly, glowing, explore regen
a: Begin Untransformation


You were on level 5 of the Dungeon.
You were a hulking beast.
You visited 1 branch of the dungeon, and saw 5 of its levels.

You collected 136 gold pieces.

Inventory:

Missiles
 h - 8 curare-tipped darts
Armour
 u - a +0 pair of boots
 w - a +0 chain mail (worn)
Jewellery
 a - an amulet of faith
 q - a +5 ring of evasion (left hand)
Talismans
 c - a beast talisman
 d - a flux talisman
Wands
 l - a wand of paralysis (12)
Scrolls
 f - a scroll of brand weapon {unknown}
 g - a scroll of fear {unknown}
 k - 2 scrolls of teleportation {unknown}
 m - a scroll of identify {unknown}
 n - a scroll of fog {unknown}
 r - a scroll of blinking {unknown}
 t - 2 scrolls of enchant armour {unknown}
 v - 3 scrolls of revelation {unknown}
 x - a scroll of silence {unknown}
Potions
 b - 3 potions of lignification
 e - 3 potions of heal wounds {unknown}
 i - a potion of cancellation {unknown}
 j - 2 potions of might {unknown}
 o - a potion of curing {unknown}
 p - a potion of haste {unknown}
 s - a potion of enlightenment {unknown}


   Skills:
 - Level 1.1 Fighting
 - Level 2.1 Dodging
 * Level 7.3 Unarmed Combat
 + Level 5.5 Shapeshifting


You had 6 spell levels left.
You didn't know any spells.
Your spell library contained the following spells:

 Spells                   Type           Power      Damage    Failure   Level
 Apportation              Tloc           0%         N/A       99%         1
 Jinxbite                 Hex            0%         N/A       100%        2
 Alistair's Intoxication  Tmut/Pois      0%         N/A       100%        5


Dungeon Overview and Level Annotations

Branches:
Dungeon (5/15) Zot: 1617
 Temple: D:4-7

Altars:

Shops:
D:1 :

Annotations:
D:4 1 runed translucent door, sammy202020's ghost, amateur AtBe


Innate Abilities, Weirdness & Mutations

You are a hulking beast.
Your limbs bulge with bestial killing power. (Slay +3)
You passively map a small area around you.
You are easily found by Zot.
You glow in the dark.
You regain HP and MP as you explore.


Message History

The gnoll bouda barely misses you. The gnoll misses you.
The gnoll hits you with a +0 whip.
* * * LOW HITPOINT WARNING * * *
You hit the gnoll bouda.
You kill the gnoll bouda!
The gnoll barely misses you. The gnoll hits you but does no damage.
Unknown command.
You hit the gnoll.
The gnoll is lightly wounded.
The gnoll hits you but does no damage. The gnoll completely misses you.
You barely miss the gnoll.
The gnoll is lightly wounded.
The gnoll hits you with a +0 whip.
* * * LOW HITPOINT WARNING * * *
The gnoll barely misses you.
You hit the gnoll.
The gnoll is heavily wounded.
The gnoll misses you. x2
You hit the gnoll but do no damage.
The gnoll is heavily wounded.
You hit the gnoll but do no damage.
The gnoll is heavily wounded.
The gnoll closely misses you. The gnoll hits you but does no damage.
Unknown command.
You hit the gnoll.
The gnoll is almost dead.
The gnoll is no longer moving quickly.
The gnoll closely misses you. The gnoll hits you but does no damage.
You hit the gnoll.
You kill the gnoll!
The gnoll hits you but does no damage.
Unknown command.
You punch the gnoll!
The gnoll is heavily wounded.
The gnoll is no longer moving quickly.
The gnoll hits you with a +0 whip!
* * * LOW HITPOINT WARNING * * *
You hit the gnoll.
The gnoll is almost dead.
The gnoll hits you with a +0 whip.
You die...

........##.###........#
,
.....................##
, ,
..........##|#........#
,
...........##..........,
...........##......##, ,
, .....#............##
.....#..........### * ,
, .....#..........##
...........###.)h# , , ,
,
.............##)g)......
**
#....#.......#.....#...#
, .....................
.. , , ..........# *
.............#
.......##....# , .......
.##.. , , *


You could see a gnoll.

Vanquished Creatures
  An ogre (D:4)
  A scorpion (D:5)
  A gnoll bouda (D:5)
  A hound (D:4)
  An iguana (D:4)
  2 gnolls (D:5)
  3 adders
  A shadow imp (D:5)
  2 worms
  4 dart slugs
  3 orcs (D:3)
  3 bats
  2 endoplasms
  3 giant cockroaches
  4 goblins
  7 hobgoblins
  4 kobolds
  3 quokkas
  3 ball pythons
  2 frilled lizards
  6 rats
57 creatures vanquished.

Notes
Turn   | Place    | Note
-------+----------+-------------------------------------------
     0 | D:1      | lunkers the Meteoran Shapeshifter began the quest for the
                  | Orb.
     0 | D:1      | Reached XP level 1. HP: 16/16 MP: 2/2
   130 | D:1      | Reached XP level 2. HP: 23/23 MP: 3/3
   192 | D:1      | Reached skill level 4 in Unarmed Combat
   246 | D:1      | Found Ujoub's Book Shoppe.
   399 | D:1      | You fall into a shaft and drop 1 floor!
   399 | D:2      | Identified the "Xailogre"
   462 | D:2      | Found a faded altar of an unknown god.
   477 | D:2      | Reached XP level 3. HP: 15/28 MP: 4/4
   594 | D:2      | Reached XP level 4. HP: 35/35 MP: 5/5
   656 | D:2      | Reached skill level 5 in Unarmed Combat
   920 | D:3      | Reached XP level 5. HP: 34/40 MP: 6/6
  1112 | D:4      | Found a runed translucent door.
  1116 | D:4      | Noticed a bullfrog
  1138 | D:4      | Noticed sammy202020's ghost (amateur AtBe)
  1140 | D:4      | Noticed an ogre
  1147 | D:4      | Killed an ogre
  1148 | D:4      | Reached skill level 6 in Unarmed Combat
  1148 | D:4      | Reached skill level 5 in Shapeshifting
  1148 | D:4      | Reached XP level 6. HP: 47/47 MP: 7/7
  1297 | D:5      | Entered Level 5 of the Dungeon
  1355 | D:5      | Reached skill level 7 in Unarmed Combat
  1379 | D:5      | Reached XP level 7. HP: 39/52 MP: 8/8
  1399 | D:5      | HP: 1/52 [gnoll/+0 whip[a gnoll bouda] (7)]
  1400 | D:5      | Slain by a gnoll

Illustrated notes

Levels and vault maps discovered:
D:1:      wander_arrival_lonely_grave, layout_basic, serial_shops, shop,
          serial_glass, glass_columns_b, glass_columns_a, hex_large,
          solitary_fountain, minmay_split_cup_large
D:2:      layout_basic, basic_ecumenical_altar
D:3:      layout_rooms
D:4:      layout_rooms, minmay_temple_entry_proselytizer, ebering_ghost_sewer_d,
          minmay_goblin_kobold_house
D:5:      layout_cave_pools

Skill      XL: |  1  2  3  4  5  6 |
---------------+-------------------+-----
Unarmed Combat | 4 5 6 7 |  7.3
Shapeshifting  | 4 5 |  5.5
Fighting       | |  1.1
Dodging        | |  2.1

Action                     |  1- 3 |  4- 6 |  7- 9 || total
---------------------------+-------+-------+-------++-------
  Melee: Unarmed           |    70 |    86 |    22 ||   178
         Punch             |     2 |     6 |       ||     8
 Armour: Animal skin       |    39 |    33 |       ||    72
         Chain mail        |       |    18 |    20 ||    38
  Dodge: Dodged            |    39 |    43 |    24 ||   106

Table legend: (Time is in decaauts)
 A = Elapsed time spent in this place.
 B = Non-inter-level travel time spent in this place.
 C = Inter-level travel time spent in this place.
 D = Time resting spent in this place.
 E = Time spent auto-exploring this place.
 F = Levels seen in this place.
 G = Mean time per level.
                   A        B        C        D        E       F      G
               +--------+--------+--------+--------+--------+-----+--------+
         Total |   1381 |   1365 |     16 |      0 |    936 |   5 |  276.2 |
       Dungeon |   1381 |   1365 |     16 |      0 |    936 |   5 |  276.2 |
               +--------+--------+--------+--------+--------+-----+--------+

Top non-repeatable levels by time:
     D:1: 396 daAuts
     D:2: 389 daAuts
     D:3: 299 daAuts
     D:4: 197 daAuts
     D:5: 98 daAuts
